 Dungeon Sprint DCSS version 0.27-a0-773-gaaee5cf45b (webtiles) character file.

Game seed: 8115061113497329183

191567 mhtbhm the Minotaur Barricade (level 17, -70/191 HPs)
             Began as a Minotaur Fighter on Mar 25, 2021.
             Was the Champion of Trog.
             Killed from afar by an ancient lich (90 damage)
             ... with a crystal spear
             ... in the Dungeon (Sprint VII: "The Pits").
             The game lasted 00:20:31 (9683 turns).

mhtbhm the Minotaur Barricade (Minotaur Fighter)    Turns: 9683, Time: 00:20:31

Health: -70/191    AC: 35    Str: 34    XL:     17   Next: 58%
Magic:  26/26      EV: 19    Int:  3    God:    Trog [******]
Gold:   23         SH: 29    Dex: 17    Spells: 16/16 levels left

rFire    + + .     SeeInvis .   a - +5 demon trident (vorpal)
rCold    + + +     Faith    .   c - +0 tower shield
rNeg     + + .     Spirit   .   b - +2 gold dragon scales
rPois    +         Reflect  .   E - +4 hat
rElec    .         Harm     .   A - +4 cloak
rCorr    .         Rampage  .   o - +2 pair of gloves of the Tundras {rC+ Regen+}
Will     +++..     NoTele   +   D - +2 pair of boots "Woqow" {Int+3}
Stlth    ..........             B - amulet "Amnekis" {RegenMP +Inv rF+ Str+4}
HPRegen  1.00/turn              j - ring of Departure {rC+ rN+ Str+6 Int-5 Dex+2}
MPRegen  0.45/turn              C - ring "Xuluneat" {Wiz rN+ MP+9 Dex+3}

@: corroded, berserk cooldown, regenerating, slowed, very slow
A: horns 2, retaliatory headbutt, repulsion field 1, blurry vision 1, mutation
resistance 1, inhibited regeneration, weak 1, no potion heal 1
}: 1/3 runes: iron
a: Renounce Religion, Evoke Invisibility, Berserk, Trog's Hand, Brothers in Arms


You were in the Dungeon.
You worshipped Trog.
Trog was exalted by your worship.
You visited 1 branch You collected 23 gold pieces.

Inventory:

Hand Weapons
 a - a +5 vorpal demon trident (weapon)
Missiles
 m - 2 curare-tipped darts (quivered)
Armour
 b - +2 gold dragon scales (worn)
 c - a +0 tower shield (worn)
 o - the +2 pair of gloves of the Tundras (worn) {rC+ Regen+}
   (You found it in the Dungeon)

   It protects you from cold.
   It increases your rate of regeneration.
 A - a +4 cloak (worn)
 D - the +2 pair of boots "Woqow" (worn) {Int+3}
   (You found it in the Dungeon)

   It affects your intelligence (+3).
 E - a +4 hat (worn)
Jewellery
 j - the ring of Departure (right hand) {rC+ rN+ Str+6 Int-5 Dex+2}
   (You found it in the Dungeon)

   [ring of strength]

   It affects your strength (+6).
   It affects your intelligence (-5).
   It affects your dexterity (+2).
   It protects you from cold.
   It protects you from negative energy.
 p - the ring "Ewesapyp" {rPois rF- Will+ Int+8}
   (You found it in the Dungeon)

   [ring of willpower]

   It affects your intelligence (+8).
   It makes you vulnerable to fire.
   It protects you from poison.
   It affects your willpower, your defense against some magical effects.
 w - the ring of Xaodikhl Wame {rPois Will+ Int+3}
   (You found it in the Dungeon)

   [ring of poison resistance]

   It affects your intelligence (+3).
   It protects you from poison.
   It affects your willpower, your defense against some magical effects.
 B - the amulet "Amnekis" (around neck) {RegenMP +Inv rF+ Str+4}
   (You found it in the Dungeon)

   [amulet of magic regeneration]

   It increases your magic regeneration.
   It affects your strength (+4).
   It protects you from fire.
   It lets you turn invisible.
 C - the ring "Xuluneat" (left hand) {Wiz rN+ MP+9 Dex+3}
   (You found it in the Dungeon)

   [ring of wizardry]

   It improves your spell success rate.
   It affects your dexterity (+3).
   It protects you from negative energy.
   It affects your magic capacity (+9).
Scrolls
 l - a scroll of summoning
 r - 3 scrolls of fear
 u - 2 scrolls of identify
 v - 3 scrolls of fog
Potions
 d - 2 potions of might
 e - 7 potions of curing
 f - 7 potions of heal wounds
 g - 2 potions of haste
 h - 4 potions of magic
 i - 5 potions of berserk rage
 k - a potion of invisibility
 q - a potion of attraction
Miscellaneous
 t - a box of beasts
 z - a condenser vane


   Skills:
 O Level 27 Fighting
 - Level 2.3(2.8) Short Blades
 - Level 2.5(3.1) Long Blades
 - Level 2.5(18.9) Axes
 - Level 2.6(3.6) Maces & Flails
 O Level 27 Polearms
 - Level 2.5(18.9) Staves
 - Level 2.3(12.2) Slings
 - Level 2.3 Bows
 - Level 2.3 Crossbows
 + Level 16.4(16.5) Throwing
 O Level 27 Armour
 + Level 18.1 Dodging
 - Level 7.4 Stealth
 O Level 27 Shields
 - Level 2.1 Unarmed Combat
 - Level 1.9 Invocations
 + Level 15.4 Evocations


You had 16 spell levels left.
You didn't know any spells.
Your spell library was empty.

Dungeon Overview and Level Annotations

Branches:
Dungeon (1/1)

Altars:
Ashenzari
Cheibriados
Dithmenos
Elyvilon
Fedhas
Gozag
Hepliaklqana
Kikubaaqudgha
Makhleb
Nemelex Xobeh
Okawaru
Qazlal
Ru
Sif Muna
Trog
Uskayaw
Vehumet
Wu Jian
Xom
Yredelemnul
Zin
The Shining One
Beogh
Jiyva
Lugonu

Annotations:
D Frederick


Innate Abilities, Weirdness & Mutations

You have a pair of horns on your head.
You reflexively headbutt those who attack you in melee.
You are surrounded by a mild repulsion field. (EV +2)
Scrolls take you a little longer to read.
You are somewhat resistant to further mutation.
You do not regenerate when monsters are visible.
You are weak. (Str -2)
Potions are less effective at restoring your health.


Message History

The deep elf annihilator blinks!
The nagaraja casts a spell at you.
The bolt of poison hits something.
The bolt of poison hits you. You resist.
* * * LOW HITPOINT WARNING * * *
The vampire mage points at itself and mumbles some strange words.
The vampire mage flickers and vanishes!
Unknown command.
Okay, then.
Your system partially rejects the healing.
You feel much better.
You hear some strange, mumbled words.
A crystal spear appears from out of thin air!
You block the crystal spear.
Something touches you but does no damage. x3
The nagaraja mumbles some strange words.
The nagaraja seems to speed up.
Something touches you but does no damage.
Your deep troll goes berserk!
Something touches you but does no damage. x2
The black draconian breathes lightning at you.
The bolt of lightning hits something!
The bolt of lightning hits you!!
* * * LOW HITPOINT WARNING * * *
The bolt of lightning hits your deep troll!
Frederick mumbles some strange words.
Frederick summons a servant imbued with his destructive magic!
You hear some strange, mumbled words.
Something tries to affect you, but you resist.
A crystal spear appears from out of thin air!
The crystal spear hits you!!
* * * LOW HITPOINT WARNING * * *
You block the nagaraja's attack.
Your system partially rejects the healing.
You feel much better. You block something's attack.
You hear some strange, mumbled words.
Something tries to affect you, but you resist.
You block the nagaraja's attack.
Something touches you but does no damage.
A crystal spear appears from out of thin air!
The crystal spear hits you!!!!
You die...

)'##############..#
))...#.#(#[#[[[#..#
)..#.#.#(#[#[#.#..#
)))....#(#[#[[[#..#
.))#.#.#(#[##.##..#
.......#'#'#[[[#..#
...#.#.#...#.#[#..#
...........#[[[#T.#
...#.#.#.#.###'#@.#
...#...#...))..#{{#
################dN#
#@)# #.....d)#
..#...e.# ##....#
#.....# ..e....#


You could see Frederick, a black draconian (catching breath, ally target), a
white draconian, a nagaraja (fast), a deep elf annihilator and a friendly deep
troll (summoned, berserk).

Vanquished Creatures
  Dissolution (D)
  Mnoleg (D)
  3 ancient liches (D)
  5 orbs of fire (D)
  Boris (D)
  2 curse toes (D)
  A golden dragon (D)
  2 profane servitors (D)
  2 pandemonium lords (D)
  2 pearl dragons (D)
  A bone dragon (D)
  2 electric golems (D)
  2 Tzitzimimeh (D)
  2 Brimstone Fiends (D)
  A hellephant (D)
  3 Ice Fiends (D)
  3 quicksilver dragons (D)
  2 liches (D)
  2 deep elf blademasters (D)
  2 titans (D)
  A sphinx (D)
  2 storm dragons (D)
  A rockslime (D)
  A deep elf sorcerer (D)
  A fire giant (D)
  A ghost moth (D)
  Louise (D)
  A war gargoyle (D)
  A green draconian (D)
  An apis (D)
  A dire elephant (D)
  A purple draconian (D)
  A mummy priest (D)
  A deep elf death mage (D)
  A yaktaur captain (D)
  2 vault guards (D)
  A hydra (D)
  2 hell beasts (D)
  2 anacondas (D)
  An ice dragon (D)
  A death knight (D)
  2 dancing weapons (D)
  A vampire mage (D)
  4 hell knights (D)
  3 two-headed ogres (D)
  A shadow wraith (D)
  2 deep elf knights (D)
  A lindwurm (D)
  A deep troll (D)
  4 orc knights (D)
  A phantasmal warrior (D)
  2 deep elf pyromancers (D)
  A necromancer (D)
  A wolf spider (D)
  A black mamba (D)
  Joseph (D)
  A smoke demon (D)
  A cane toad (D)
  An orange demon (D)
  8 yaktaurs (D)
  A kobold demonologist (D)
  A komodo dragon (D)
  An ice devil (D)
  A freezing wraith (D)
  2 tormentors (D)
  A guardian mummy (D)
  A demonic crawler (D)
  A red devil (D)
  A wind drake (shapeshifter) (D)
  A tyrant leech (D)
  3 polar bears (D)
  A troll (D)
  A wind drake (D)
  A tarantella (D)
  2 wraiths (D)
  A neqoxec (D)
  An acid dragon (D)
  A water moccasin (D)
  A floating eye (D)
  A small abomination (D)
  An orc warrior (D)
  2 black bears (D)
  3 kobold brigands (D)
  2 bullfrogs (D)
  A gnoll sergeant (D)
  2 orc priests (D)
  2 gnoll shamans (D)
  3 orc wizards (D)
  11 gnolls (D)
  2 adders (D)
  2 river rats (D)
  An ufetubus (D)
  A worm (D)
  5 orcs (D)
  A bat zombie (D)
  A goblin (D)
  2 hobgoblins (D)
  6 jackals (D)
  6 kobolds (D)
  A quokka (D)
181 creatures vanquished.

Vanquished Creatures (collateral kills)
  A pandemonium lord (D)
  A lich (D)
  2 orc warlords (D)
  A blizzard demon (D)
  A naga warrior (D)
  A rakshasa (D)
  A vault guard (D)
  A two-headed ogre (D)
  A sun demon (D)
  6 orc knights (D)
  A wolf spider (D)
  An orange demon (D)
  An ice devil (D)
  A wandering mushroom (D)
  A jumping spider (D)
  A dream sheep (shapeshifter) (D)
  3 blink frogs (D)
25 creatures vanquished.

Vanquished Creatures (others)
  A yaktaur captain (D)
  A deep elf knight (D)
  An orc knight (D)
  A yaktaur (D)
4 creatures vanquished.

Grand Total: 210 creatures vanquished

Notes
Turn   | Place    | Note
-------+----------+-------------------------------------------
     0 | D        | mhtbhm the Minotaur Fighter began the quest for the Orb.
     0 | D        | Reached XP level 1. HP: 19/19 MP: 0/0
    26 | D        | Found a bloodstained altar of Trog.
    26 | D        | Found a shimmering blue altar of Sif Muna.
    26 | D        | Found a viscous altar of Jiyva.
    26 | D        | Found a hazy altar of Hepliaklqana.
    26 | D        | Found an opulent altar of Gozag.
    27 | D        | Found a glowing golden altar of the Shining One.
    27 | D        | Found a glowing silver altar of Zin.
    27 | D        | Found a basalt altar of Yredelemnul.
    27 | D        | Found a shimmering altar of Xom.
    27 | D        | Found an ornate altar of the Wu Jian Council.
    27 | D        | Found a sacrificial altar of Ru.
    27 | D        | Found a stormy altar of Qazlal.
    27 | D        | Found an iron altar of Okawaru.
    27 | D        | Found a sparkling altar of Nemelex Xobeh.
    27 | D        | Found a burning altar of Makhleb.
    27 | D        | Found a blossoming altar of Fedhas.
    27 | D        | Found a white marble altar of Elyvilon.
    27 | D        | Found a shadowy altar of Dithmenos.
    27 | D        | Found a snail-covered altar of Cheibriados.
    29 | D        | Found a radiant altar of Vehumet.
    29 | D        | Found a corrupted altar of Lugonu.
    31 | D        | Became a worshipper of Trog the Wrathful
    68 | D        | Noticed a floating eye
    73 | D        | Killed a floating eye
    74 | D        | Reached XP level 2. HP: 27/31 MP: 1/1
    74 | D        | Reached XP level 3. HP: 33/38 MP: 2/2
    74 | D        | Reached XP level 4. HP: 39/45 MP: 3/3
    74 | D        | Reached * piety under Trog
   118 | D        | Reached ** piety under Trog
   132 | D        | Reached skill level 5 in Polearms
   137 | D        | Noticed a bullfrog
   146 | D        | Killed a bullfrog
   147 | D        | Reached XP level 5. HP: 45/53 MP: 4/4
   150 | D        | Reached *** piety under Trog
   257 | D        | Reached **** piety under Trog
   268 | D        | Reached XP level 6. HP: 61/62 MP: 5/5
   283 | D        | Reached ***** piety under Trog
   292 | D        | Reached skill level 1 in Dodging
   446 | D        | Noticed a small abomination
   449 | D        | Killed a small abomination
   450 | D        | Reached skill level 10 in Shields
   450 | D        | Reached XP level 7. HP: 51/70 MP: 6/6
   553 | D        | Reached skill level 10 in Polearms
   553 | D        | Reached skill level 10 in Armour
   556 | D        | Reached ****** piety under Trog
   608 | D        | Noticed a smoke demon
   624 | D        | Killed a smoke demon
   624 | D        | Received a gift from Trog
   625 | D        | Reached skill level 10 in Fighting
   625 | D        | Reached XP level 8. HP: 79/79 MP: 7/7
   753 | D        | Found a hide-covered altar of Uskayaw.
   753 | D        | Found an ancient bone altar of Kikubaaqudgha.
   753 | D        | Found a broken altar of Ashenzari.
   780 | D        | Noticed a freezing wraith
   781 | D        | Noticed a black mamba
   790 | D        | Killed a freezing wraith
   796 | D        | Killed a black mamba
   995 | D        | Noticed a polar bear
   995 | D        | Noticed an ice devil
   995 | D        | Noticed a deep elf pyromancer
  1000 | D        | Killed a deep elf pyromancer
  1000 | D        | Received a gift from Trog
  1001 | D        | Reached XP level 9. HP: 89/89 MP: 8/8
  1004 | D        | Killed an ice devil
  1007 | D        | Killed a polar bear
  1008 | D        | Reached skill level 15 in Polearms
  1062 | D        | Noticed a yaktaur
  1074 | D        | Killed a yaktaur
  1175 | D        | Noticed a wolf spider
  1176 | D        | Noticed Joseph
  1180 | D        | Killed a wolf spider
  1180 | D        | Received a gift from Trog
  1187 | D        | Killed Joseph
  1232 | D        | Noticed an anaconda
  1241 | D        | Killed an anaconda
  1242 | D        | Reached XP level 10. HP: 101/101 MP: 9/9
  1337 | D        | Received a gift from Trog
  1402 | D        | Noticed a lindwurm
  1411 | D        | Killed a lindwurm
  1418 | D        | Received a gift from Trog
  1718 | D        | Noticed a phantasmal warrior
  1729 | D        | Killed a phantasmal warrior
  1729 | D        | Received a gift from Trog
  1979 | D        | Noticed a two-headed ogre
  1983 | D        | Killed a two-headed ogre
  1984 | D        | Reached skill level 15 in Fighting
  1984 | D        | Reached XP level 11. HP: 112/112 MP: 10/10
  2006 | D        | Reached skill level 15 in Armour
  2006 | D        | Killed a shadow wraith
  2172 | D        | Noticed a deep elf pyromancer
  2174 | D        | Received a gift from Trog
  2191 | D        | Killed a deep elf pyromancer
  2319 | D        | Noticed a two-headed ogre
  2319 | D        | Noticed a two-headed ogre
  2319 | D        | Noticed a two-headed ogre
  2319 | D        | Noticed a rakshasa
  2332 | D        | Killed a two-headed ogre
  2332 | D        | Received a gift from Trog
  2337 | D        | Killed a two-headed ogre
  2342 | D        | Killed a two-headed ogre
  2343 | D        | Reached skill level 15 in Shields
  2349 | D        | Killed a rakshasa
  2353 | D        | Received a gift from Trog
  2850 | D        | Noticed a deep troll
  2850 | D        | Noticed a death knight
  2850 | D        | Noticed a sun demon
  2850 | D        | Noticed a dire elephant
  2850 | D        | Noticed a mana viper
  2853 | D        | Noticed a shock serpent
  2853 | D        | a mana viper changed into a shock serpent
  2855 | D        | Killed a deep troll
  2855 | D        | a shock serpent changed into an eye of devastation
  2856 | D        | Killed a dire elephant
  2856 | D        | Received a gift from Trog
  2863 | D        | Killed a death knight
  2866 | D        | Killed a sun demon
  2867 | D        | Reached skill level 1 in Stealth
  2870 | D        | Noticed a glowing orange brain
  2870 | D        | an eye of devastation changed into a glowing orange brain
  2873 | D        | Reached XP level 12. HP: 80/127 MP: 11/11
  3152 | D        | Noticed an orc warlord
  3152 | D        | Noticed an orc warlord
  3152 | D        | Noticed a blizzard demon
  3152 | D        | Noticed a yaktaur captain
  3152 | D        | Noticed a vault guard
  3153 | D        | Noticed a vault guard
  3153 | D        | Noticed a five-headed hydra
  3158 | D        | Killed an orc warlord
  3161 | D        | Received a gift from Trog
  3161 | D        | Noticed a naga warrior
  3166 | D        | Killed a vault guard
  3167 | D        | Killed a yaktaur captain
  3178 | D        | Killed an orc warlord
  3179 | D        | Killed a blizzard demon
  3179 | D        | Identified the +10 spear of Huibyiwkueqa {flame, Str+7}
                  | (Trog gifted it to you in the Dungeon)
  3179 | D        | Received a gift from Trog
  3181 | D        | Killed a naga warrior
  3186 | D        | Killed a vault guard
  3188 | D        | Received a gift from Trog
  3189 | D        | Killed a six-headed hydra
  3192 | D        | Reached skill level 5 in Stealth
  3196 | D        | Reached skill level 5 in Dodging
  3425 | D        | Noticed a yaktaur captain
  3434 | D        | Killed a yaktaur captain
  3508 | D        | Noticed a vault guard
  3513 | D        | Killed a vault guard
  3513 | D        | Received a gift from Trog
  3514 | D        | Reached XP level 13. HP: 138/138 MP: 12/12
  3636 | D        | Noticed a titan
  3646 | D        | Killed a titan
  3749 | D        | Noticed a green draconian
  3755 | D        | Killed a green draconian
  3756 | D        | Reached skill level 1 in Evocations
  3797 | D        | Noticed Luhurhom the pandemonium lord
  3818 | D        | Killed Luhurhom the pandemonium lord
  3876 | D        | Noticed Louise
  3888 | D        | Killed Louise
  3948 | D        | Noticed Mnoleg
  3954 | D        | Paralysed by a floating eye for 3 turns
  3978 | D        | Gained mutation: Potions are less effective at restoring
                  | your health. [Mnoleg's mutagenic touch]
  3987 | D        | Noticed a tentacled monstrosity
  3992 | D        | Gained mutation: Your magical capacity is low. (-10% MP)
                  | [Mnoleg's mutagenic touch]
  4038 | D        | Gained mutation: You have a somewhat thin skeletal
                  | structure. (Dex +2, Stealth) [Mnoleg's mutagenic touch]
  4039 | D        | Killed Mnoleg
  4281 | D        | Noticed an apis
  4281 | D        | Noticed a rockslime
  4281 | D        | Noticed a fire giant
  4286 | D        | Killed a fire giant
  4291 | D        | Killed a rockslime
  4296 | D        | Killed an apis
  4457 | D        | Noticed a Brimstone Fiend
  4469 | D        | Killed a Brimstone Fiend
  4470 | D        | Reached XP level 14. HP: 115/151 MP: 11/11
  4674 | D        | Noticed an electric golem
  4695 | D        | Killed an electric golem
  4987 | D        | Noticed Bilasch the pandemonium lord
  5015 | D        | Killed Bilasch the pandemonium lord
  5015 | D        | Received a gift from Trog
  5058 | D        | Noticed an orb of fire
  5076 | D        | Killed an orb of fire
  5104 | D        | Noticed a quicksilver dragon
  5114 | D        | Killed a quicksilver dragon
  5181 | D        | Noticed a profane servitor
  5210 | D        | Killed a profane servitor
  5212 | D        | Noticed Dissolution
  5217 | D        | Gained mutation: Your magical capacity is very low. (-20%
                  | MP) [a shining eye]
  5218 | D        | Killed Dissolution
  5364 | D        | Received a gift from Trog
  5382 | D        | Received a gift from Trog
  5478 | D        | Noticed a Brimstone Fiend
  5485 | D        | Killed a Brimstone Fiend
  5486 | D        | Reached XP level 15. HP: 66/165 MP: 11/11
  6042 | D        | Noticed an electric golem
  6046 | D        | Killed an electric golem
  6067 | D        | Noticed a deep elf blademaster
  6078 | D        | Killed a deep elf blademaster
  6081 | D        | Noticed a pearl dragon
  6099 | D        | Killed a pearl dragon
  6099 | D        | Received a gift from Trog
  6345 | D        | Noticed a bone dragon
  6364 | D        | Killed a bone dragon
  6393 | D        | Noticed an Ice Fiend
  6402 | D        | Killed an Ice Fiend
  6718 | D        | Noticed a curse toe
  6723 | D        | Killed a curse toe
  6766 | D        | Noticed a hellephant
  6779 | D        | Killed a hellephant
  6782 | D        | Noticed a storm dragon
  6792 | D        | Killed a storm dragon
  6886 | D        | Noticed an Ice Fiend
  6893 | D        | Killed an Ice Fiend
  6894 | D        | Reached skill level 27 in Shields
  6966 | D        | Received a gift from Trog
  6969 | D        | Noticed Mirug the pandemonium lord
  6979 | D        | Killed Mirug the pandemonium lord
  7008 | D        | Noticed an ancient lich
  7028 | D        | Killed an ancient lich
  7385 | D        | Noticed a lich
  7390 | D        | Killed a lich
  7393 | D        | Noticed a quicksilver dragon
  7405 | D        | Killed a quicksilver dragon
  7405 | D        | Received a gift from Trog
  7525 | D        | Noticed an ancient lich
  7525 | D        | Noticed a storm dragon
  7543 | D        | Killed an ancient lich
  7544 | D        | Reached XP level 16. HP: 182/182 MP: 11/11
  7544 | D        | Killed a storm dragon
  7545 | D        | Reached skill level 27 in Fighting
  7589 | D        | Noticed a golden dragon
  7607 | D        | Killed a golden dragon
  7608 | D        | Reached skill level 27 in Polearms
  7610 | D        | Noticed an orb of fire
  7610 | D        | Gained mutation: Scrolls take you a little longer to read.
                  | [an orb of fire]
  7620 | D        | Gained mutation: You occasionally shout uncontrollably at
                  | your foes. [an orb of fire]
  7630 | D        | Killed an orb of fire
  7630 | D        | Received a gift from Trog
  7644 | D        | Lost mutation: Your magical capacity is very low. (-20% MP)
                  | [potion of mutation]
  7644 | D        | Lost mutation: Your magical capacity is low. (-10% MP)
                  | [potion of mutation]
  7644 | D        | Lost mutation: You occasionally shout uncontrollably at
                  | your foes. [potion of mutation]
  7644 | D        | Lost mutation: You have a somewhat thin skeletal structure.
                  | (Dex +2, Stealth) [potion of mutation]
  7644 | D        | Gained mutation: Scrolls take you longer to read. [potion
                  | of mutation]
  7644 | D        | Gained mutation: You expend magic power (3 MP) to
                  | strengthen your wands. [potion of mutation]
  7645 | D        | Lost mutation: Scrolls take you longer to read. [potion of
                  | mutation]
  7645 | D        | Lost mutation: You expend magic power (3 MP) to strengthen
                  | your wands. [potion of mutation]
  7645 | D        | Gained mutation: You are weak. (Str -2) [potion of
                  | mutation]
  7645 | D        | Gained mutation: You do not regenerate when monsters are
                  | visible. [potion of mutation]
  7645 | D        | Gained mutation: You are somewhat resistant to further
                  | mutation. [potion of mutation]
  7645 | D        | Gained mutation: You are surrounded by a mild repulsion
                  | field. (EV +2) [potion of mutation]
  7670 | D        | Noticed a deep elf blademaster
  7684 | D        | Killed a deep elf blademaster
  7685 | D        | Reached skill level 27 in Armour
  7862 | D        | Noticed Boris
  7873 | D        | Killed Boris
  7874 | D        | Reached skill level 1 in Invocations
  7926 | D        | Noticed a profane servitor
  7959 | D        | Killed a profane servitor
  7960 | D        | Reached skill level 5 in Evocations
  8094 | D        | Noticed an orb of fire
  8172 | D        | Noticed an orb of fire
  8184 | D        | Killed an orb of fire
  8184 | D        | Received a gift from Trog
  8185 | D        | Reached skill level 10 in Dodging
  8309 | D        | Noticed a titan
  8323 | D        | Killed a titan
  8330 | D        | Noticed a quicksilver dragon
  8338 | D        | Killed a quicksilver dragon
  8467 | D        | Noticed a Tzitzimitl
  8475 | D        | Killed a Tzitzimitl
  8756 | D        | Noticed a curse toe
  8764 | D        | Killed a curse toe
  8765 | D        | Reached skill level 10 in Throwing
  8765 | D        | Reached skill level 10 in Evocations
  8818 | D        | Noticed a pearl dragon
  8830 | D        | Killed a pearl dragon
  8830 | D        | Received a gift from Trog
  8830 | D        | Noticed a Tzitzimitl
  8843 | D        | Killed a Tzitzimitl
  8844 | D        | Reached XP level 17. HP: 132/191 MP: 17/17
  8989 | D        | Noticed an orb of fire
  8999 | D        | Killed an orb of fire
  9057 | D        | Noticed an Ice Fiend
  9064 | D        | Killed an Ice Fiend
  9065 | D        | Reached skill level 15 in Dodging
  9318 | D        | Got the ring of Departure {rC+ rN+ Str+6 Int-5 Dex+2}
  9320 | D        | Got an iron rune of Zot
  9323 | D        | Got the ring "Ewesapyp" {rPois rF- Will+ Int+8}
  9332 | D        | Got the ring of Xaodikhl Wame {rPois Will+ Int+3}
  9336 | D        | Got the amulet "Amnekis" {RegenMP +Inv rF+ Str+4}
  9339 | D        | Got the ring "Xuluneat" {Wiz rN+ MP+9 Dex+3}
  9364 | D        | Got the +2 pair of boots "Woqow" {Int+3}
  9378 | D        | Got the +2 pair of gloves of the Tundras {rC+ Regen+}
  9461 | D        | Killed an orb of fire
  9461 | D        | Received a gift from Trog
  9512 | D        | Noticed an ancient lich
  9524 | D        | Killed an ancient lich
  9525 | D        | Reached skill level 15 in Throwing
  9651 | D        | Noticed a lich
  9652 | D        | Noticed an ancient lich
  9662 | D        | Noticed a lich
  9669 | D        | Killed a lich
  9672 | D        | Reached skill level 15 in Evocations
  9673 | D        | Killed a lich
  9673 | D        | Received a gift from Trog
  9674 | D        | Noticed Frederick
  9682 | D        | HP: 6/191 [something/crystal spear (23)]
  9683 | D        | Killed from afar by an ancient lich

Illustrated notes

Levels and vault maps discovered:
D:        pitsprint [storerooms_1, entrance_room_1, metal_vault_1, armoury_3,
          mini_pit_1, grid_room_1, main_hall_1, silver_pit, the_coven_2,
          the_vestibule_1, steel_vault_2, golden_pit, hallway_of_sentries,
          crystal_vault_2, iron_vault_3, final_vault]

Skill      XL: |  1  2  3  4  5  6  7  8  9 10 11 12 13 14 15 16 17 |
---------------+----------------------------------------------------+-----
Fighting       | 6 7 8 9 10 11 13 15 17 19 21 23 26 27 | 27.0
Armour         | 7 8 9 10 11 13 14 16 17 19 22 24 27 | 27.0
Shields        | 6 7 8 10 12 13 14 16 18 22 24 27 | 27.0
Polearms       | 4 5 7 9 11 14 16 17 19 20 21 22 26 27 | 27.0
Dodging        | 1 2 3 4 5 13 18 | 18.1
Stealth        | 1 6 7 |  7.4
Evocations     | 2 3 11 15 | 15.4
Short Blades   | 2 |  2.3
Long Blades    | 2 |  2.5
Axes           | 2 |  2.5
Maces & Flails | 2 |  2.6
Staves         | 2 |  2.5
Slings         | 2 |  2.3
Bows           | 2 |  2.3
Crossbows      | 2 |  2.3
Throwing       | 11 16 | 16.4
Unarmed Combat | 2 |  2.1
Invocations    | 1 |  1.9

Action                   |  1- 3 |  4- 6 |  7- 9 | 10-12 | 13-15 | 16-18 || total
-------------------------+-------+-------+-------+-------+-------+-------++-------
Melee: Trident           |    13 |    83 |    38 |       |       |       ||   134
       Headbutt          |       |    11 |    19 |    31 |   100 |    59 ||   220
       Demon trident     |       |       |    51 |   177 |   438 |   239 ||   905
Invok: Berserk           |       |       |     3 |     6 |    15 |     9 ||    33
       Brothers in Arms  |       |       |       |     7 |     8 |     4 ||    19
       Trog's Hand       |       |       |       |     1 |     4 |     2 ||     7
Evoke: Condenser vane    |       |       |       |     1 |     2 |       ||     3
       Box of beasts     |       |       |       |       |     1 |       ||     1
  Use: Potion            |       |     1 |       |     6 |     9 |     4 ||    20
       Scroll            |       |       |       |     1 |     4 |       ||     5
 Stab: Distracted        |       |       |       |     1 |     1 |       ||     2
       Invisible         |       |       |       |     5 |       |       ||     5
       Confused          |       |       |       |       |     4 |       ||     4
Armor: Scale mail        |    10 |    12 |       |       |       |       ||    22
       Plate armour      |       |    18 |    25 |    57 |       |       ||   100
       Gold dragon scale |       |       |       |       |   133 |    48 ||   181
Dodge: Dodged            |     7 |    15 |    14 |    58 |    79 |    33 ||   206
Block: Kite shield       |     4 |    45 |    33 |    96 |     4 |       ||   182
       Tower shield      |       |       |       |       |   262 |   135 ||   397

Table legend: (Time is in decaauts)
 A = Elapsed time spent in this place.
 B = Non-inter-level travel time spent in this place.
 C = Inter-level travel time spent in this place.
 D = Time resting spent in this place.
 E = Time spent auto-exploring this place.
 F = Levels seen in this place.
 G = Mean time per level.
                   A        B        C        D        E       F      G
               +--------+--------+--------+--------+--------+-----+--------+
         Total |   9589 |   9589 |      0 |   7051 |     96 |   1 | 9589.0 |
       Dungeon |   9589 |   9589 |      0 |   7051 |     96 |   1 | 9589.0 |
               +--------+--------+--------+--------+--------+-----+--------+

Top non-repeatable levels by time:
       D: 9589 daAuts
